[ AOE2 MATCH · #506018490 ]
UnrankedVikings vs Lithuanians
Player's team · WIN
[ REPLAY ANALYSIS · EXTRACTED FROM THE RECORDED GAME ]
Feudal
9:24
Castle
20:42
Imperial
—
| APM avg | 59.8 |
| APM peak | 101 |
| eAPM avg | 26.2 |
| Villagers / military | 45 / 31 |
Focus
⚔️ 58.6% · 🌾 41.4%
Spearman ×12 · Archer ×11 · Scout Cavalry ×8
Feudal
8:26
Castle
18:26
Imperial
—
| APM avg | 43.1 |
| APM peak | 74 |
| eAPM avg | 19.5 |
| Villagers / military | 42 / 18 |
Focus
⚔️ 37.0% · 🌾 63.0%
Knight ×12 · Spearman ×3 · Monk ×2 · Scout Cavalry ×1
Match map
Initial resources + every placement click. Lines = walls · curves = elevation contours. ◆ gold · ⬟ stone · ● berries · ✦ relic · ◌ wall gap
Your base· ✓ Closed at 20:42 · 45t walls · 1 gate(s)
老爱国炸鱼号's base· ✓ Closed at 18:26 · 34t walls · 1 gate(s)
Smoothed initial terrain · ◌ = detected wall gap · hover for details
Inputs per minute
— Rhaegar - - 老爱国炸鱼号
Build order — Rhaegar
139 actions detected in the replay
| 0:00 | Create | Villager (Male) |
| 0:01 | Create | Villager (Male) |
| 0:01 | Build | House |
| 0:02 | Build | House |
| 0:03 | Create | Villager (Male) |
| 0:04 | Create | Villager (Male) |
| 1:25 | Create | Villager (Male) |
| 1:25 | Create | Villager (Male) |
| 1:48 | Build | Lumber Camp |
| 2:04 | Create | Villager (Male) |
| 2:19 | Create | Villager (Male) |
| 2:43 | Create | Villager (Male) |
| 2:43 | Create | Villager (Male) |
| 3:07 | Create | Villager (Male) |
| 3:08 | Create | Villager (Male) |
| 3:37 | Create | Villager (Male) |
| 3:53 | Build | House |
| 4:00 | Create | Villager (Male) |
| 4:00 | Create | Villager (Male) |
| 4:13 | Create | Villager (Male) |
| 4:25 | Build | Mill |
| 4:55 | Create | Villager (Male) |
| 4:55 | Create | Villager (Male) |
| 4:56 | Create | Villager (Male) |
| 5:20 | Create | Villager (Male) |
| 5:46 | Research | Loom |
| 6:10 | Create | Villager (Male) |
| 6:10 | Research | Loom |
| 7:14 | Research | Feudal Age |
| 7:45 | Build | Barracks |
| 8:08 | Create | Villager (Male) |
| 8:08 | Create | Villager (Male) |
| 8:24 | Build | House |
| 8:24 | Build | House |
| 8:33 | Build | Palisade Wall |
| 8:38 | Build | Palisade Wall |
| 8:41 | Build | Palisade Wall |
| 9:09 | Build | Farm |
| 9:16 | Build | Farm |
| 9:24 | Age | Feudal Age |
| 9:26 | Build | Stable |
| 9:28 | Research | Double-Bit Axe |
| 9:47 | Create | Spearman |
| 9:54 | Create | Villager (Male) |
| 9:56 | Create | Scout Cavalry |
| 9:56 | Create | Scout Cavalry |
| 9:57 | Create | Scout Cavalry |
| 10:09 | Build | Palisade Wall |
| 10:15 | Create | Villager (Male) |
| 10:37 | Create | Scout Cavalry |
| 10:46 | Build | Farm |
| 10:49 | Build | Farm |
| 10:51 | Build | Farm |
| 10:51 | Create | Villager (Male) |
| 10:52 | Create | Villager (Male) |
| 11:11 | Build | House |
| 11:14 | Build | Palisade Wall |
| 11:15 | Create | Villager (Male) |
| 11:20 | Build | Mill |
| 11:25 | Build | Palisade Wall |
| 11:33 | Build | Farm |
| 11:41 | Build | Palisade Wall |
| 11:41 | Create | Spearman |
| 11:42 | Create | Spearman |
| 11:48 | Build | Palisade Wall |
| 11:59 | Create | Villager (Male) |
| 12:03 | Build | Palisade Wall |
| 12:06 | Build | Palisade Wall |
| 12:12 | Build | Palisade Wall |
| 12:14 | Build | Palisade Wall |
| 12:19 | Create | Villager (Male) |
| 12:22 | Build | Farm |
| 12:27 | Build | Palisade Wall |
| 12:35 | Build | Farm |
| 12:41 | Create | Villager (Male) |
| 13:00 | Create | Villager (Male) |
| 13:06 | Build | House |
| 13:07 | Build | House |
| 13:17 | Create | Scout Cavalry |
| 13:22 | Build | Archery Range |
| 13:32 | Create | Villager (Male) |
| 13:37 | Build | Farm |
| 13:50 | Create | Scout Cavalry |
| 13:58 | Create | Villager (Male) |
| 14:04 | Create | Archer |
| 14:07 | Build | House |
| 14:08 | Build | House |
| 14:29 | Create | Villager (Male) |
| 14:30 | Create | Villager (Male) |
| 14:33 | Build | Mining Camp |
| 14:37 | Build | Farm |
| 14:41 | Build | Farm |
| 14:42 | Create | Scout Cavalry |
| 14:42 | Create | Scout Cavalry |
| 14:44 | Create | Villager (Male) |
| 14:57 | Build | Palisade Gate |
| 15:01 | Create | Archer |
| 15:06 | Build | House |
| 15:08 | Create | Villager (Male) |
| 15:09 | Create | Archer |
| 15:22 | Create | Villager (Male) |
| 15:24 | Build | Farm |
| 15:46 | Create | Archer |
| 15:48 | Build | House |
| 16:06 | Create | Villager (Male) |
| 16:20 | Build | House |
| 16:22 | Build | Lumber Camp |
| 16:23 | Create | Archer |
| 17:01 | Research | Town Watch |
| 17:08 | Build | Blacksmith |
| 17:35 | Build | Farm |
| 18:02 | Research | Castle Age |
| 18:03 | Create | Archer |
| 18:04 | Create | Archer |
| 18:21 | Build | Lumber Camp |
| 18:28 | Create | Archer |
| 18:29 | Create | Spearman |
| 18:39 | Research | Fletching |
| 18:45 | Create | Spearman |
| 18:57 | Create | Spearman |
| 19:11 | Create | Spearman |
| 19:21 | Research | Scale Mail Armor |
| 19:23 | Create | Archer |
| 19:26 | Create | Spearman |
| 19:43 | Create | Villager (Male) |
| 20:41 | Create | Spearman |
| 20:41 | Create | Spearman |
| 20:42 | Age | Castle Age |
| 20:45 | Create | Villager (Male) |
| 20:47 | Research | Crossbowman (upgrade) |
| 21:21 | Research | Bodkin Arrow |
| 21:23 | Build | Town Center |
| 21:37 | Create | Villager (Male) |
| 21:38 | Create | Archer |
| 21:39 | Create | Archer |
| 21:40 | Create | Villager (Male) |
| 21:51 | Create | Spearman |
| 21:51 | Create | Spearman |
| 21:55 | Create | Villager (Male) |
Build order — 老爱国炸鱼号
132 actions detected in the replay
| 0:00 | Create | Villager (Male) |
| 0:01 | Create | Villager (Male) |
| 0:02 | Build | House |
| 0:03 | Build | House |
| 0:13 | Create | Villager (Male) |
| 0:13 | Create | Villager (Male) |
| 0:13 | Create | Villager (Male) |
| 0:18 | Create | Villager (Male) |
| 1:15 | Build | Mill |
| 1:35 | Create | Villager (Male) |
| 1:35 | Create | Villager (Male) |
| 2:14 | Create | Villager (Male) |
| 2:14 | Create | Villager (Male) |
| 2:47 | Create | Villager (Male) |
| 2:47 | Create | Villager (Male) |
| 3:04 | Create | Villager (Male) |
| 3:36 | Create | Villager (Male) |
| 3:37 | Create | Villager (Male) |
| 3:51 | Build | House |
| 4:16 | Create | Villager (Male) |
| 4:25 | Create | Villager (Male) |
| 4:34 | Build | Palisade Wall |
| 4:55 | Create | Villager (Male) |
| 5:27 | Build | Lumber Camp |
| 5:32 | Research | Loom |
| 5:35 | Build | Palisade Wall |
| 5:36 | Build | Palisade Wall |
| 5:48 | Build | Palisade Wall |
| 6:04 | Build | Palisade Wall |
| 6:11 | Research | Feudal Age |
| 6:11 | Research | Feudal Age |
| 6:58 | Build | Palisade Wall |
| 7:55 | Build | Mill |
| 8:03 | Create | Villager (Male) |
| 8:03 | Create | Villager (Male) |
| 8:20 | Build | Palisade Wall |
| 8:26 | Age | Feudal Age |
| 8:51 | Create | Villager (Male) |
| 8:57 | Research | Loom |
| 8:58 | Research | Loom |
| 9:00 | Build | House |
| 9:07 | Build | Palisade Wall |
| 9:09 | Build | House |
| 9:14 | Create | Villager (Male) |
| 9:15 | Research | Double-Bit Axe |
| 9:15 | Research | Double-Bit Axe |
| 9:25 | Build | Lumber Camp |
| 9:37 | Create | Villager (Male) |
| 9:49 | Build | Farm |
| 9:56 | Create | Villager (Male) |
| 10:13 | Create | Villager (Male) |
| 10:32 | Build | House |
| 10:33 | Build | House |
| 10:34 | Build | House |
| 10:37 | Create | Villager (Male) |
| 11:06 | Build | Farm |
| 11:07 | Build | Farm |
| 11:17 | Create | Villager (Male) |
| 11:30 | Build | Palisade Wall |
| 11:44 | Build | Palisade Gate |
| 11:48 | Build | Palisade Wall |
| 11:49 | Build | Palisade Wall |
| 11:51 | Create | Villager (Male) |
| 11:54 | Build | Barracks |
| 11:57 | Create | Villager (Male) |
| 12:04 | Build | Mining Camp |
| 12:34 | Create | Villager (Male) |
| 12:36 | Build | Farm |
| 12:42 | Create | Villager (Male) |
| 12:49 | Build | Stable |
| 12:50 | Create | Spearman |
| 13:04 | Build | Farm |
| 13:09 | Create | Villager (Male) |
| 13:24 | Create | Villager (Male) |
| 13:26 | Build | Farm |
| 13:32 | Create | Villager (Male) |
| 13:57 | Create | Villager (Male) |
| 13:59 | Build | Farm |
| 14:00 | Build | Farm |
| 14:04 | Build | Farm |
| 14:23 | Build | House |
| 14:24 | Build | House |
| 14:31 | Create | Villager (Male) |
| 14:51 | Build | Blacksmith |
| 15:10 | Create | Villager (Male) |
| 15:46 | Research | Castle Age |
| 15:47 | Research | Castle Age |
| 15:59 | Create | Spearman |
| 15:59 | Create | Spearman |
| 16:22 | Research | Forging |
| 16:42 | Build | Farm |
| 16:42 | Build | Farm |
| 16:43 | Build | Farm |
| 16:43 | Build | Farm |
| 16:43 | Build | Farm |
| 16:44 | Build | Farm |
| 16:50 | Build | House |
| 16:52 | Create | Scout Cavalry |
| 17:06 | Build | Palisade Wall |
| 17:08 | Build | Palisade Wall |
| 17:13 | Build | Palisade Wall |
| 17:14 | Build | Palisade Wall |
| 17:15 | Build | Palisade Wall |
| 17:17 | Build | Palisade Wall |
| 17:23 | Build | Farm |
| 17:24 | Create | Villager (Male) |
| 17:51 | Create | Villager (Male) |
| 17:57 | Build | Stable |
| 18:15 | Research | Scale Barding Armor |
| 18:26 | Age | Castle Age |
| 18:28 | Create | Knight |
| 18:29 | Create | Knight |
| 18:32 | Create | Knight |
| 18:32 | Create | Knight |
| 18:41 | Build | Farm |
| 18:41 | Build | Farm |
| 18:52 | Create | Knight |
| 18:56 | Build | Farm |
| 19:04 | Create | Knight |
| 19:05 | Create | Knight |
| 19:18 | Build | Monastery |
| 19:21 | Create | Knight |
| 19:21 | Create | Knight |
| 19:30 | Create | Knight |
| 19:44 | Create | Villager (Male) |
| 20:18 | Create | Knight |
| 20:18 | Create | Knight |
| 20:48 | Build | Watch Tower |
| 20:57 | Create | Monk |
| 20:57 | Create | Monk |
| 21:35 | Create | Villager (Male) |
| 21:35 | Create | Villager (Male) |
Match timeline
| 4:34 | 老爱国炸鱼号 · wall_segment Palisade Wall x8 |
| 5:35 | 老爱国炸鱼号 · wall_segment Palisade Wall x1 |
| 5:36 | 老爱国炸鱼号 · wall_segment Palisade Wall x1 |
| 5:48 | 老爱国炸鱼号 · wall_segment Palisade Wall x4 |
| 6:04 | 老爱国炸鱼号 · wall_segment Palisade Wall x1 |
| 6:58 | 老爱国炸鱼号 · wall_segment Palisade Wall x1 |
| 7:45 | Rhaegar · first_building Barracks |
| 8:20 | 老爱国炸鱼号 · wall_segment Palisade Wall x5 |
| 8:26 | 老爱国炸鱼号 · age_up feudal |
| 8:33 | Rhaegar · wall_segment Palisade Wall x1 |
| 8:38 | Rhaegar · wall_segment Palisade Wall x1 |
| 8:41 | Rhaegar · wall_segment Palisade Wall x1 |
| 9:07 | 老爱国炸鱼号 · wall_segment Palisade Wall x1 |
| 9:24 | Rhaegar · age_up feudal |
| 9:26 | Rhaegar · first_building Stable |
| 10:09 | Rhaegar · wall_segment Palisade Wall x6 |
| 11:14 | Rhaegar · wall_segment Palisade Wall x2 |
| 11:25 | Rhaegar · wall_segment Palisade Wall x6 |
| 11:30 | 老爱国炸鱼号 · wall_segment Palisade Wall x6 |
| 11:41 | Rhaegar · wall_segment Palisade Wall x4 |
| 11:48 | 老爱国炸鱼号 · wall_segment Palisade Wall x1 |
| 11:48 | Rhaegar · wall_segment Palisade Wall x5 |
| 11:49 | 老爱国炸鱼号 · wall_segment Palisade Wall x1 |
| 11:54 | 老爱国炸鱼号 · first_building Barracks |
| 12:03 | Rhaegar · wall_segment Palisade Wall x4 |
| 12:06 | Rhaegar · wall_segment Palisade Wall x6 |
| 12:12 | Rhaegar · wall_segment Palisade Wall x4 |
| 12:14 | Rhaegar · wall_segment Palisade Wall x5 |
| 12:27 | Rhaegar · wall_segment Palisade Wall x1 |
| 12:49 | 老爱国炸鱼号 · first_building Stable |
| 13:22 | Rhaegar · first_building Archery Range |
| 17:06 | 老爱国炸鱼号 · wall_segment Palisade Wall x1 |
| 17:08 | 老爱国炸鱼号 · wall_segment Palisade Wall x1 |
| 17:13 | 老爱国炸鱼号 · wall_segment Palisade Wall x1 |
| 17:14 | 老爱国炸鱼号 · wall_segment Palisade Wall x1 |
| 17:15 | 老爱国炸鱼号 · wall_segment Palisade Wall x1 |
| 17:17 | 老爱国炸鱼号 · wall_segment Palisade Wall x1 |
| 18:26 | 老爱国炸鱼号 · age_up castle |
| 19:18 | 老爱国炸鱼号 · first_building Monastery |
| 20:42 | Rhaegar · age_up castle |
| 21:59 | 老爱国炸鱼号 · resign |
[ AI ANALYSIS · 1 CREDIT ]
What really happened in this match?
Wolo.gg analyzes every decision: build order, eco, micro, common mistakes by bracket. Personalized analysis on WhatsApp or Discord in 30 seconds.
Civ guide
Vikings
Perfil
Jugador #2295504